 Dungeon Crawl Stone Soup version 0.26.0-57-g60708a5e39 (webtiles) character file.

Game seed: 2020731789236997238

156906 apex the Executioner (level 16, -8/163 HPs)
             Began as a Minotaur Fighter on Feb 1, 2021.
             Was the Champion of Okawaru.
             Killed from afar by a will-o-the-wisp (28 damage)
             ... with a foxfire
             ... on level 4 of the Swamp.
             The game lasted 02:06:32 (33351 turns).

apex the Executioner (Minotaur Fighter)            Turns: 33351, Time: 02:06:32

Health: -8/163     AC: 32    Str: 34    XL:     16   Next: 83%
Magic:  16/16      EV: 16    Int: 10    God:    Okawaru [******]
Gold:   2207       SH:  5    Dex: 14    Spells: 15/15 levels left

rFire    . . .     SeeInvis .   C - +9 battleaxe (drain)
rCold    + . .     Faith    .   (shield currently unavailable)
rNeg     . . .     Spirit   .   L - +3 crystal plate armour of the Catamount {rF- Str+7 Int+5}
rPois    .         Reflect  +   y - +0 hat
rElec    .         Harm     .   O - scarf {rC+ rF+}
rCorr    +         Rampage  .   q - +2 pair of gloves {Dex+3}
Will     +....                  n - +0 pair of boots
Stlth    ..........             G - amulet of reflection
HPRegen  0.37/turn              X - ring of resist corrosion
MPRegen  0.15/turn              I - +4 ring of evasion

@: lethally poisoned (-8 -> -36), very slow
A: retaliatory headbutt, horns 2
}: 1/15 runes: decaying
a: Renounce Religion, Heroism, Finesse


You were on level 4 of the Swamp.
You worshipped Okawaru.
Okawaru was exalted by your worship.
You visited 6 branches of the dungeon, and saw 29 of its levels.
You also visited: Ossuary, Ice Cave and Volcano.

You collected 3638 gold pieces.
You spent 1431 gold pieces at shops.

Inventory:

Hand Weapons
 j - the +4 mace "Cuseaphu" {chaos, rC- rN+++ Dex+8 Stlth-}
   (You found it on level 2 of the Lair of Beasts)

   Each time it hits an enemy it has a different, random effect.
   It affects your dexterity (+8).
   It makes you vulnerable to cold.
   It renders you almost immune to negative energy.
   It makes you less stealthy.
 p - the +7 scimitar "Romeylept" {freeze, rC- Int+4 Dex+2 Stlth+}
   (You found it on level 6 of the Lair of Beasts)

   It has been specially enchanted to freeze those struck by it, causing extra
   injury to most foes and up to half again as much damage against particularly
   susceptible opponents.
   It can also slow down cold-blooded creatures.
   It affects your intelligence (+4).
   It affects your dexterity (+2).
   It makes you vulnerable to cold.
   It makes you more stealthy.
 s - a +1 vampiric battleaxe
 v - a +4 battleaxe of flaming
 B - a +7 executioner's axe of electrocution
 C - a +9 battleaxe of draining (weapon)
 K - a +1 shortbow of flaming
 P - a +0 battleaxe of freezing
Missiles
 H - 146 arrows
Armour
 d - the +4 kite shield of Kogukec {Int+3}
   (You took it off Donald on level 2 of the Orcish Mines)

   It affects your intelligence (+3).
 e - +6 storm dragon scales
 h - a scarf of repulsion
 i - a +4 plate armour of positive energy
 n - a +0 pair of boots (worn)
 q - a +2 pair of gloves of dexterity (worn)
 y - a +0 hat (worn)
 L - the +3 crystal plate armour of the Catamount (worn) {rF- Str+7 Int+5}
   (Okawaru gifted it to you on level 3 of the Lair of Beasts)

   It affects your strength (+7).
   It affects your intelligence (+5).
   It makes you vulnerable to fire.
 O - a scarf of resistance (worn)
 T - a +3 plate armour of poison resistance
Jewellery
 k - an uncursed ring of protection from cold
 u - an uncursed amulet of the acrobat
 G - an amulet of reflection (around neck)
 I - a +4 ring of evasion (right hand)
 Q - an uncursed amulet of faith
 S - an uncursed ring of poison resistance
 W - an uncursed amulet of guardian spirit
 X - a ring of resist corrosion (left hand)
Wands
 b - a wand of digging (8)
 l - a wand of enslavement (2)
 x - a wand of iceblast (9)
 N - a wand of polymorph (26)
 U - a wand of disintegration (41)
 V - a wand of flame (130)
Scrolls
 c - 5 scrolls of enchant armour
 t - 15 scrolls of remove curse
 z - a scroll of summoning
 D - a scroll of brand weapon
 F - 3 scrolls of amnesia
 J - 2 scrolls of magic mapping
 R - 8 scrolls of teleportation
 Y - 3 scrolls of blinking
 Z - 4 scrolls of identify
Potions
 f - 4 potions of mutation
 g - 6 potions of ambrosia
 o - 3 potions of haste
 r - 5 potions of might
 w - 8 potions of flight
 A - 2 potions of resistance
 E - a potion of brilliance
 M - 2 potions of curing
Miscellaneous
 a - a lightning rod (4/4) (quivered)
 m - a phantom mirror


   Skills:
 + Level 20.2 Fighting
 + Level 21.2 Axes
 + Level 15.3 Armour
 - Level 10.0 Dodging
 - Level 3.6 Shields
 + Level 2.2 Invocations


You had 15 spell levels left.
You didn't know any spells.
Your spell library contained the following spells:

 Spells                   Type           Power        Failure   Level
 Magic Dart               Conj           0%           99%         1
 Sandblast                Erth           0%           99%         1
 Passwall                 Tmut/Erth      0%           100%        2
 Searing Ray              Conj           0%           100%        2
 Confusing Touch          Hex            0%           100%        3
 Dazzling Flash           Conj/Hex       0%           100%        3
 Gell's Gravitas          Tloc           0%           100%        3
 Stone Arrow              Conj/Erth      0%           100%        3
 Fulminant Prism          Conj/Hex       0%           100%        4
 Iskenderun's Mystic Bla  Conj/Tloc      0%           100%        4
 Petrify                  Tmut/Erth      0%           100%        4
 Summon Lightning Spire   Summ/Air       0%           100%        4
 Irradiate                Conj/Tmut      0%           100%        5
 Lee's Rapid Deconstruct  Erth           0%           100%        5
 Metabolic Englaciation   Hex/Ice        0%           100%        5
 Silence                  Hex/Air        0%           100%        5
 Yara's Violent Unravell  Hex/Tmut       0%           100%        5
 Conjure Ball Lightning   Conj/Air       0%           100%        6
 Hydra Form               Tmut           0%           100%        6
 Statue Form              Tmut/Erth      0%           100%        6
 Dragon Form              Tmut           0%           100%        7
 Tornado                  Air            0%           100%        9


Dungeon Overview and Level Annotations

Branches:
Dungeon (15/15)            Temple (1/1) D:6            Lair (6/6) D:9
  Swamp (4/4) Lair:2        Snake (0/4) Lair:2        Slime (0/5) Lair:6
    Orc (2/2) D:11            Elf (1/3) Orc:2        Vaults (0/5) D:13
Ossuary (visited)           IceCv (visited)         Volcano (visited)
 Depths: D:15

Altars:
Ashenzari
Cheibriados
Dithmenos
Elyvilon
Fedhas
Gozag
Hepliaklqana
Kikubaaqudgha
Makhleb
Nemelex Xobeh
Okawaru
Qazlal
Ru
Sif Muna
Trog
Uskayaw
Vehumet
Wu Jian
Xom
Yredelemnul
Zin
The Shining One
Beogh
Lugonu

Shops:
D:6 ?[*   Orc:1 *   Orc:2 (?([*

Annotations:
D:13 2 transporters, lasso's ghost, journeyman DECj
D:15 Roxanne


Innate Abilities, Weirdness & Mutations

You reflexively headbutt those who attack you in melee.
You have a pair of horns on your head.


Message History

You headbutt the will-o-the-wisp! The tyrant leech misses you.
You furiously retaliate!
You headbutt the tyrant leech!
* * * LOW HITPOINT WARNING * * *
You feel very sick.
The will-o-the-wisp gestures.
The will-o-the-wisp conjures some foxfire!
The spriggan druid points at you and mumbles some strange words.
The stone arrow misses you.
The will-o-the-wisp gestures.
The will-o-the-wisp conjures some foxfire! 4 foxfires come into view.
* * * LOW HITPOINT WARNING * * *
You feel very sick.
The foxfire hits you but does no damage.
The foxfire hits you.
* * * LOW HITPOINT WARNING * * *
The foxfire hits you.
* * * LOW HITPOINT WARNING * * *
The foxfire hits you!!
You die...

♣≈≈≈≈≈≈≈≈..♣♣♣.≈≈.≈≈≈≈..≈
♣♣♣≈..)≈≈≈≈.♣♣♣♣.≈≈≈≈≈≈≈≈≈≈
♣.≈§≈...≈≈≈≈≈♣♣≈≈§≈≈≈≈≈≈...
♣..§≈.≈≈≈≈≈≈≈♣♣.≈≈≈.....≈≈.
♣≈......≈.§≈.≈≈≈≈§♣♣♣≈D○≈≈♣
♣........♣♣♣♣♣≈≈≈≈.♣♣.○≈≈..
♣.....≈...♣♣♣♣x......≈≈.≈≈≈.
♣≈≈..≈.≈≈..≈♣≈§D§.≈♣♣≈≈≈.≈§≈♣
≈..≈.≈.♣≈≈.≈@§iv§D≈.≈.≈^..≈♣
♣.≈..≈..≈≈.≈≈vw§§.≈≈.♣♣..≈♣(≈
≈♣.♣≈..≈≈§≈)♣..♣♣ ≈..♣
♣≈.≈≈..≈≈♣♣♣♣ ≈♣ ♣≈≈..♣♣≈≈..♣
♣ ≈≈≈... ♣♣♣≈... .....♣≈
♣..... ≈≈≈.≈.. ≈≈≈≈≈≈ ..♣.♣≈≈


You could see a bunyip, 2 swamp dragons, a tyrant leech, a spriggan druid and a
will-o-the-wisp.

Vanquished Creatures
  Nikola (Elf:1)
  Rupert (Orc:2)
  Donald (Orc:2)
  A fenstrider witch (Swamp:1)
  An orc warlord (Orc:1)
  A frost giant (IceCv)
  A bunyip (Swamp:1)
  5 eleionomae
  Snorg (Orc:1)
  A deep elf death mage (Elf:1)
  A vault guard (D:13)
  Harold (D:8)
  20 hydras
  2 boulder beetles
  A ghost crab (Swamp:3)
  2 catoblepae
  A centaur warrior (D:14)
  Erica (Orc:1)
  5 alligators
  2 death yaks (Lair:6)
  2 tengu warriors
  8 two-headed ogres
  The ghost of Mattiprrivan the Archer, a novice HuHu of Qazlal (Orc:1)
  2 orc high priests
  2 deep elf knights
  Sonja (Lair:2)
  3 spriggan druids
  2 unseen horrors
  3 bog bodies
  8 swamp dragons
  3 goliath frogs (Swamp:1)
  10 orc knights
  2 wizards (D:13)
  4 lindwurms
  An ugly thing (D:11)
  2 manticores
  2 deep elf magi
  3 will-o-the-wisps
  5 oklob plants
  2 cyclopes
  A salamander (Volcano)
  12 elephants (Lair:6)
  2 orc sorcerers
  7 black mambas
  Joseph (D:8)
  2 ice statues (IceCv)
  A gargoyle (D:13)
  A torpor snail (Lair:6)
  21 cane toads
  2 rime drakes
  12 komodo dragons
  A redback zombie (D:13)
  An efreet (D:14)
  A tengu conjurer (Swamp:4)
  4 trolls (Orc:1)
  A bloated husk (Swamp:1)
  4 hornets
  3 meliai (D:13)
  15 polar bears
  11 tyrant leeches
  32 blink frogs
  4 spriggans
  3 wyverns
  2 vampires
  21 humans (D:13)
  54 yaks
  3 wraiths
  A basilisk (Lair:4)
  A steam dragon (D:7)
  6 wargs
  14 vampire mosquitoes
  Menkaure (D:5)
  11 swamp worms
  A soldier ant (D:14)
  26 water moccasins
  Duvessa (D:4)
  3 hell hounds (Volcano)
  12 swamp drakes
  3 black bears
  4 sky beasts
  53 orc warriors
  6 ice beasts
  A hornet zombie (D:11)
  3 phantoms
  An eye of draining (D:13)
  17 wolves
  10 ogres
  4 boggarts (D:14)
  3 necrophages
  13 centaurs
  Blork the orc (D:4)
  27 bullfrogs
  2 big kobolds
  2 wyvern zombies (D:12)
  Dowan (D:4)
  A gnoll sergeant (D:7)
  4 scorpions
  13 killer bees
  A troll zombie (D:8)
  13 wights
  An electric eel (Lair:6)
  3 howler monkeys
  5 centaur zombies
  A bullfrog zombie (D:8)
  18 orc priests
  10 hounds
  3 human zombies (D:8)
  4 jellies
  2 bullfrog skeletons
  5 centaur skeletons
  4 iguanas
  A human skeleton (D:8)
  21 orc wizards
  6 worker ants
  An ogre zombie (D:8)
  2 big kobold zombies (Ossuary)
  A hound zombie (D:5)
  3 hound skeletons
  2 mummies (Ossuary)
  A worker ant zombie (D:11)
  3 gnolls (D:7)
  A howler monkey skeleton (D:4)
  18 adders
  2 shadow imps
  2 white imps
  2 ufetubi (D:9)
  3 oozes
  3 worms
  A dart slug (D:2)
  11 leopard geckos
  110 orcs
  7 giant cockroaches
  10 goblins
  5 hobgoblins
  9 jackals
  5 quokkas
  4 ball pythons
  4 bats
  5 frilled lizards
  A goblin zombie (Ossuary)
  12 hobgoblin zombies (Ossuary)
  25 kobolds
  11 kobold zombies (Ossuary)
  A leopard gecko skeleton (D:8)
  7 orc zombies (Ossuary)
  A quokka skeleton (D:4)
  10 rats
  A rat zombie (Ossuary)
  A bush (Lair:4)
  A butterfly (Lair:4)
  A crawling corpse (Elf:1)
  2 plants (Lair:4)
971 creatures vanquished.

Vanquished Creatures (others)
  A necromancer (D:13)
  A deep elf mage (Elf:1)
  2 bloated husks (Swamp:2)
  19 foxfires
  29 fungi
  103 plants
155 creatures vanquished.

Grand Total: 1126 creatures vanquished

Notes
Turn   | Place    | Note
-------+----------+-------------------------------------------
     0 | D:1      | apex the Minotaur Fighter began the quest for the Orb.
     0 | D:1      | Reached XP level 1. HP: 19/19 MP: 0/0
   104 | D:1      | Reached XP level 2. HP: 26/27 MP: 1/1
   166 | D:1      | Reached skill level 3 in Axes
   746 | D:2      | Reached XP level 3. HP: 34/34 MP: 2/2
  1068 | D:2      | Reached skill level 4 in Axes
  1068 | D:2      | Reached XP level 4. HP: 32/41 MP: 3/3
  2216 | D:3      | Reached skill level 5 in Fighting
  2346 | D:3      | Reached XP level 5. HP: 20/48 MP: 4/4
  2347 | D:3      | Reached skill level 1 in Dodging
  2536 | D:3      | Reached skill level 5 in Axes
  3499 | D:4      | Reached XP level 6. HP: 44/56 MP: 5/5
  3772 | D:4      | Reached skill level 6 in Axes
  4002 | D:4      | Found a white marble altar of Elyvilon.
  4004 | D:4      | Found an ornate altar of the Wu Jian Council.
  4192 | D:4      | Noticed Blork the orc
  4196 | D:4      | Reached skill level 7 in Axes
  4211 | D:4      | Killed Blork the orc
  4212 | D:4      | Reached XP level 7. HP: 37/61 MP: 6/6
  4412 | D:4      | Noticed Dowan
  4413 | D:4      | Noticed Duvessa
  4426 | D:4      | Killed Duvessa
  4427 | D:4      | Reached skill level 8 in Axes
  4427 | D:4      | Killed Dowan
  4917 | D:5      | Entered Level 5 of the Dungeon
  4925 | D:5      | Reached skill level 9 in Axes
  5059 | D:5      | Reached XP level 8. HP: 47/69 MP: 7/7
  5126 | D:5      | Reached skill level 10 in Axes
  5188 | D:5      | Noticed Menkaure
  5205 | D:5      | Killed Menkaure
  5871 | D:6      | Found a staircase to the Ecumenical Temple.
  5881 | Temple   | Entered the Ecumenical Temple
  5932 | Temple   | Became a worshipper of Warmaster Okawaru
  6063 | D:6      | Found a shimmering altar of Xom.
  6064 | D:6      | Found a shimmering altar of Xom.
  6155 | D:6      | Reached skill level 5 in Armour
  6278 | D:6      | Found Dyrane's Magic Scroll Shoppe.
  6286 | D:6      | Bought a scroll of enchant armour for 105 gold pieces
  6286 | D:6      | Bought a scroll of enchant weapon for 105 gold pieces
  6393 | D:6      | Found Peaqot's Assorted Antiques.
  6396 | D:6      | Bought a scroll labelled DEWNIH YDAISCH for 28 gold pieces
  6396 | D:6      | Bought a metallic puce potion for 25 gold pieces
  6396 | D:6      | Bought a scroll labelled ROIKIE VUDONLE for 28 gold pieces
  6396 | D:6      | Bought a fizzy pink potion for 25 gold pieces
  6754 | D:6      | Found Guutuog's Armour Shoppe.
  7452 | D:7      | Reached skill level 5 in Dodging
  7660 | D:7      | Reached * piety under Okawaru
  7862 | D:8      | Reached XP level 9. HP: 56/75 MP: 8/8
  7896 | D:8      | Noticed Harold
  7913 | D:8      | Killed Harold
  7913 | D:8      | Reached ** piety under Okawaru
  7948 | D:8      | Found a sand-covered staircase.
  7953 | Ossuary  | Entered an ossuary
  8287 | D:8      | Noticed Joseph
  8288 | D:8      | Noticed a two-headed ogre
  8319 | D:8      | Killed Joseph
  8325 | D:8      | Killed a two-headed ogre
  8325 | D:8      | Reached *** piety under Okawaru
  8326 | D:8      | Reached skill level 10 in Armour
  8326 | D:8      | Reached XP level 10. HP: 25/89 MP: 9/9
  8635 | D:8      | Found an ancient bone altar of Kikubaaqudgha.
  8733 | D:8      | Reached **** piety under Okawaru
  8809 | D:8      | Got an ichor-stained robe
  9244 | D:9      | Received a gift from Okawaru
  9250 | D:9      | Reached skill level 11 in Axes
  9648 | D:9      | Reached skill level 12 in Axes
  9872 | D:9      | Found a staircase to the Lair.
 10071 | D:9      | Reached ***** piety under Okawaru
 10278 | D:9      | Identified the +2 robe of the Arcane {Str+7 Dex+3} (You
                  | found it on level 8 of the Dungeon)
 10421 | D:10     | Entered Level 10 of the Dungeon
 10719 | D:10     | Reached XP level 11. HP: 85/95 MP: 10/10
 10776 | D:10     | Reached skill level 13 in Axes
 11284 | D:10     | Noticed a two-headed ogre
 11293 | D:10     | Killed a two-headed ogre
 11781 | D:11     | Received a gift from Okawaru
 11834 | D:11     | Noticed a two-headed ogre
 11853 | D:11     | Killed a two-headed ogre
 11856 | D:11     | Reached skill level 14 in Axes
 12040 | D:11     | Found a staircase to the Orcish Mines.
 12168 | D:11     | Received a gift from Okawaru
 12202 | D:11     | Noticed a white ugly thing
 12345 | D:11     | Got a dazzling hand crossbow
 12780 | D:11     | Identified the +9 hand crossbow "Pendulum" {penet, rF-
                  | rN+++ Int+4} (You found it on level 11 of the Dungeon)
 13028 | D:11     | Killed a white ugly thing
 13204 | D:12     | Noticed an eight-headed hydra
 13254 | D:12     | HP: 3/95 [eight-headed hydra (9)]
 13296 | D:11     | HP: 1/95 [eight-headed hydra (6)]
 13783 | D:12     | Reached skill level 15 in Axes
 14207 | D:13     | Reached skill level 10 in Dodging
 14634 | D:13     | Noticed a death knight
 14637 | D:13     | Noticed a vampire knight
 14639 | D:13     | Noticed a skeletal warrior
 14665 | D:13     | Noticed a wizard
 14669 | D:13     | Reached XP level 12. HP: 93/103 MP: 11/11
 14674 | D:13     | Noticed a vault guard
 14680 | D:13     | Reached skill level 16 in Axes
 14688 | D:13     | Reached skill level 10 in Fighting
 14697 | D:13     | Received a gift from Okawaru
 14698 | D:13     | Killed a vault guard
 15101 | D:13     | Found a gate to the Vaults.
 15203 | D:13     | Noticed a two-headed ogre
 15207 | D:13     | Killed a two-headed ogre
 15377 | D:13     | Found a transporter.
 15382 | D:13     | Found a transporter.
 15382 | D:13     | Noticed a vampire knight
 15517 | D:13     | Noticed lasso's ghost (journeyman DECj)
 15614 | D:13     | Noticed a two-headed ogre
 15619 | D:13     | Killed a two-headed ogre
 15691 | D:14     | Noticed a centaur warrior
 15697 | D:14     | Noticed a tengu warrior
 15698 | D:14     | Killed a centaur warrior
 15710 | D:14     | Killed a tengu warrior
 15735 | D:14     | Found a corrupted altar of Lugonu.
 15829 | D:14     | Noticed a boulder beetle
 15841 | D:14     | Killed a boulder beetle
 15992 | D:14     | Found a glowing golden altar of the Shining One.
 16021 | D:14     | Reached XP level 13. HP: 124/124 MP: 12/12
 16021 | D:14     | Reached ****** piety under Okawaru
 16308 | D:14     | Found a frozen archway.
 16327 | IceCv    | Entered an ice cave
 16350 | IceCv    | Received a gift from Okawaru
 16362 | IceCv    | Reached skill level 1 in Invocations
 16395 | IceCv    | Reached skill level 15 in Fighting
 16832 | IceCv    | Noticed a frost giant
 16843 | IceCv    | Killed a frost giant
 17186 | D:15     | Entered Level 15 of the Dungeon
 17186 | D:15     | Identified Roxanne's Almanac of Earth
 17186 | D:15     | Noticed Roxanne
 17721 | Orc:1    | Entered Level 1 of the Orcish Mines
 18004 | Orc:1    | Found a runed translucent gate.
 18004 | Orc:1    | Found a runed translucent gate.
 18004 | Orc:1    | Found a runed translucent gate.
 18013 | Orc:1    | Found a dark tunnel.
 18022 | Volcano  | Entered a volcano
 18152 | Orc:1    | Found an opulent altar of Gozag.
 18154 | Orc:1    | Noticed Mattiprrivan's ghost (novice HuHu)
 18155 | Orc:1    | Found Worim's Assorted Antiques.
 18171 | Orc:1    | Killed Mattiprrivan's ghost
 18405 | Orc:1    | Bought a scroll of enchant weapon for 157 gold pieces
 18405 | Orc:1    | Bought a scroll of enchant weapon for 157 gold pieces
 18405 | Orc:1    | Bought 2 fizzy pink potions for 37 gold pieces
 18405 | Orc:1    | Bought a scroll labelled MOGYGI NUAFOS for 21 gold pieces
 18550 | Orc:1    | Noticed Erica
 18563 | Orc:1    | Killed Erica
 18563 | Orc:1    | Received a gift from Okawaru
 18948 | Orc:1    | Noticed an orc warlord
 18962 | Orc:1    | Killed an orc warlord
 18971 | Orc:1    | Reached XP level 14. HP: 95/138 MP: 12/14
 19002 | Orc:1    | Paralysed by an orc sorcerer for 5 turns
 19864 | Orc:1    | Reached skill level 17 in Axes
 20344 | Orc:1    | Found a roughly hewn altar of Beogh.
 20527 | Orc:2    | Entered Level 2 of the Orcish Mines
 21061 | Orc:2    | Found Munecsin's Armour Emporium.
 21061 | Orc:2    | Found Ajobruda's General Store.
 21130 | Orc:2    | Found a roughly hewn altar of Beogh.
 21185 | Orc:2    | Found Tein's Weapon Shop.
 21185 | Orc:2    | Found Reorph's Magic Scroll Emporium.
 21200 | Orc:2    | Bought a scroll of identify for 28 gold pieces
 21200 | Orc:2    | Bought a scroll of identify for 28 gold pieces
 21200 | Orc:2    | Bought a scroll of identify for 28 gold pieces
 21222 | Orc:2    | Bought a scroll of enchant armour for 105 gold pieces
 21222 | Orc:2    | Bought a scroll of enchant armour for 105 gold pieces
 21222 | Orc:2    | Bought a scroll of enchant armour for 105 gold pieces
 21271 | Orc:2    | Bought a +2 pair of gloves of dexterity for 344 gold pieces
 21369 | Orc:2    | Found a staircase to the Elven Halls.
 21380 | Orc:2    | Found a roughly hewn altar of Beogh.
 21454 | Orc:2    | Identified the +4 kite shield of Kogukec {Int+3}
 21454 | Orc:2    | Noticed Donald
 21468 | Orc:2    | Killed Donald
 21696 | Orc:2    | Noticed Rupert
 21706 | Orc:2    | Killed Rupert
 21707 | Orc:2    | Reached skill level 18 in Axes
 22099 | Orc:2    | Found a roughly hewn altar of Beogh.
 22303 | Orc:2    | Found Loqus's Antique Weapon Emporium.
 22476 | Elf:1    | Entered Level 1 of the Elven Halls
 22476 | Elf:1    | Noticed Nikola
 22493 | Elf:1    | Killed Nikola
 22493 | Elf:1    | Received a gift from Okawaru
 22493 | Elf:1    | Received a gift from Okawaru
 22873 | Orc:1    | Noticed Snorg
 22884 | Orc:1    | Killed Snorg
 23149 | Lair:1   | Entered Level 1 of the Lair of Beasts
 23786 | Lair:2   | Noticed Sonja
 23795 | Lair:2   | Killed Sonja
 23795 | Lair:2   | Received a gift from Okawaru
 23853 | Lair:2   | Found a staircase to the Snake Pit.
 23999 | Lair:2   | Found a staircase to the Swamp.
 24123 | Lair:2   | Reached skill level 19 in Axes
 24216 | Lair:2   | Got a pitted mace
 24217 | Lair:2   | Identified the +4 mace "Cuseaphu" {chaos, rC- rN+++ Dex+8
                  | Stlth-} (You found it on level 2 of the Lair of Beasts)
 24275 | Lair:2   | Reached XP level 15. HP: 147/147 MP: 15/15
 24852 | Lair:3   | Received a gift from Okawaru
 24856 | Lair:3   | Got a scorched crystal plate armour {god gift}
 24867 | Lair:3   | Identified the +3 crystal plate armour of the Catamount
                  | {rF- Str+7 Int+5} (Okawaru gifted it to you on level 3 of
                  | the Lair of Beasts)
 27237 | Lair:6   | Entered Level 6 of the Lair of Beasts
 27281 | Lair:6   | Reached skill level 20 in Axes
 27346 | Lair:6   | Received a gift from Okawaru
 27375 | Lair:6   | Got a jewelled scimitar
 27393 | Lair:6   | Identified the +7 scimitar "Romeylept" {freeze, rC- Int+4
                  | Dex+2 Stlth+} (You found it on level 6 of the Lair of
                  | Beasts)
 28040 | Lair:6   | Found a staircase to the Slime Pits.
 28417 | Lair:6   | Reached XP level 16. HP: 153/160 MP: 16/16
 29338 | Swamp:1  | Entered Level 1 of the Swamp
 29370 | Swamp:1  | Received a gift from Okawaru
 30966 | Swamp:2  | Received a gift from Okawaru
 31947 | Swamp:4  | Entered Level 4 of the Swamp
 32061 | Swamp:4  | Reached skill level 15 in Armour
 32427 | Swamp:4  | Reached skill level 21 in Axes
 33097 | Swamp:4  | Received a gift from Okawaru
 33132 | Swamp:4  | Got a decaying rune of Zot
 33351 | Swamp:4  | Killed from afar by a will-o-the-wisp

Illustrated notes

Levels and vault maps discovered:
D:1:      wander_arrival_desolate, layout_basic
D:2:      layout_basic, kennysheep_nondescript
D:3:      layout_basic
D:4:      layout_layer_cave, minitemple, chequers_decorated_corner,
          minmay_misc_feat_diagonals, uniq_blork_the_orc, uniq_duvessa
D:5:      layout_cave_pools, uniq_menkaure
D:6:      layout_basic, xom_redecorated, minmay_temple_entry_ruins,
          serial_shops, shop, kennysheep_mini_moat, kennysheep_mini
D:7:      layout_basic
D:8:      layout_rooms, lemuel_mausoleum_altar_kikubaaqudgha,
          lightli_ossuary_entry_decrepit_ruins, uniq_joseph, uniq_harold
D:9:      layout_stronghold, grunt_lair_entry_orc_guard_hut
D:10:     layout_long_grid
D:11:     layout_loops_ring, orc_0_dummy, kennysheep_dice
D:12:     layout_basic
D:13:     layout_loops_cross, grunt_vaults_entry_tiered,
          gammafunk_ghost_mausoleum
D:14:     layout_rooms, tso_altar, portal_ice_cave_entry_pillars_1,
          tgw_lugonu_bribe
D:15:     hangedman_depths_entry_try_elsewhere_first, layout_long_grid,
          nrook_uturn, uniq_kirke, uniq_roxanne
Temple:   regret_index_temple_mists
Lair:1:   layout_cave_shapes
Lair:2:   layout_hall_layers, swamp_mist, minmay_snake_entry_six_corridors,
          uniq_sonja
Lair:3:   layout_cave_pods
Lair:4:   layout_gridlike, wad_woods_road_01, lemuel_fruit_fields,
          lemuel_fruit_fields, infiniplex_staircase_pool_2
Lair:5:   dpeg_oklob_gauntlet, layout_regular_city, minmay_holes
Lair:6:   minmay_lair_end_frog_pond, layout_cave_pods,
          minmay_slime_entry_oklob_enclosed
Swamp:1:  layout_basic_swamp, nicolae_swamp_little_tower
Swamp:2:  layout_basic_swamp, nicolae_swamp_treefoil, swamp_pool5
Swamp:3:  layout_basic_swamp, evilmike_swamp_ruin_house_3
Swamp:4:  swamp_alternative, layout_basic_swamp, swamp_pool1, kb_tengu_band,
          uniq_aizul
Orc:1:    orc_temple, layout_diamond_mine, lightli_volcano_entry_magma_tube,
          ebering_ghost_gozag, uniq_erica, uniq_snorg
Orc:2:    st_orc_town, layout_caves, serial_shops, nicolae_shop_stone,
          basic_altar, bh_open_orc_temple, uniq_rupert, uniq_donald
Elf:1:    layout_gridlike, minmay_elf_annihilation, st_stairs_4, uniq_nikola

Skill      XL: |  1  2  3  4  5  6  7  8  9 10 11 12 13 14 15 16 |
---------------+-------------------------------------------------+-----
Fighting       | 4 5 6 8 14 16 17 19 20 | 20.2
Axes           | 3 4 5 7 9 10 12 15 16 19 20 21 | 21.2
Dodging        | 1 2 5 7 8 10 | 10.0
Armour         | 7 10 11 12 13 15 | 15.3
Invocations    | 1 2 |  2.2
Shields        | |  3.6

Action                   |  1- 3 |  4- 6 |  7- 9 | 10-12 | 13-15 | 16-18 || total
-------------------------+-------+-------+-------+-------+-------+-------++-------
Melee: War axe           |    80 |   160 |   296 |   379 |       |       ||   915
       Headbutt          |     7 |    30 |    51 |   143 |   228 |    67 ||   526
       Battleaxe         |       |       |       |   216 |   952 |   269 ||  1437
       Scimitar          |       |       |       |       |     3 |       ||     3
       Executioner's axe |       |       |       |       |    21 |       ||    21
Invok: Heroism           |       |       |       |     1 |     9 |     5 ||    15
  Use: Scroll            |       |     6 |    14 |    13 |    18 |     7 ||    58
       Potion            |       |     2 |     6 |     7 |    10 |     8 ||    33
 Stab: Sleeping          |       |       |       |     2 |       |       ||     2
       Confused          |       |       |       |       |       |     1 ||     1
Armor: Scale mail        |    43 |    78 |    39 |       |       |       ||   160
       Ring mail         |       |       |    20 |    30 |       |       ||    50
       Robe              |       |       |       |    38 |       |       ||    38
       Storm dragon scal |       |       |       |    67 |   282 |       ||   349
       Crystal plate arm |       |       |       |       |   145 |   224 ||   369
Dodge: Dodged            |    43 |    60 |    91 |   380 |   646 |   229 ||  1449
Block: Kite shield       |    42 |    94 |   157 |   254 |       |       ||   547
       Reflection        |       |       |       |    19 |     9 |       ||    28
       Other             |       |       |       |    48 |   180 |    60 ||   288
       Rpst.: Scimitar   |       |       |       |       |     1 |       ||     1
